 Dungeon Crawl Stone Soup version 0.32-a0-314-g526f7d4993 (webtiles) character file.

Game seed: 6154385248546752925

1274 Gargoyl the Chopper (level 8, -5/50 HPs)
             Began as a Gargoyle Berserker on Feb 16, 2024.
             Was a Priest of Trog.
             Killed by divine providence
             ... invoked by an orc priest
              (12 damage)
             ... on level 6 of the Dungeon.
             The game lasted 00:08:01 (4416 turns).

Gargoyl the Chopper (Gargoyle Berserker)            Turns: 4416, Time: 00:08:02

Health: -5/50      AC: 19    Str: 27    XL:     8   Next: 53%
Magic:  8/8        EV:  8    Int:  8    God:    Trog [***...]
Gold:   225        SH:  0    Dex: 11    Spells: 7/7 levels left

rFire   . . .        a - +2 hand axe
rCold   . . .        (no shield)
rNeg    + . .        b - +0 plate armour
rPois   ∞            (no helmet)
rElec   +            c - +1 cloak
rCorr   .            (no gloves)
SInv    .            (no boots)
Will    ++...        (no amulet) Stlth
                     r - +6 ring of strength
HPRegen 1.28/turn    (no ring)
MPRegen 0.11/turn

%: no passive effects
@: strong-willed, on berserk cooldown, regenerating, slowed, very slow
A: sickness immunity, AC +5, negative energy resistance 1, electricity
resistance, torment resistance 1, petrification resistance
a: Renounce Religion, Berserk, Trog's Hand


You were on level 6 of the Dungeon.
You worshipped Trog.
Trog was most pleased with you.
You visited 1 branch of the dungeon, and saw 8 of its levels.
You also visited: Sewer.

You collected 225 gold pieces.

Inventory:

Hand Weapons
 a - a +2 hand axe (weapon)
Missiles
 l - 7 poisoned darts (quivered)
Armour
 b - a +0 plate armour (worn)
 c - a +1 cloak (worn)
Jewellery
 r - a +6 ring of strength (left hand)
Wands
 n - a wand of roots (12)
 p - a wand of flame (12)
Scrolls
 g - 4 scrolls of fear
 j - 2 scrolls of teleportation
 k - a scroll of identify
 q - a scroll of enchant armour
Potions
 d - 4 potions of curing
 e - 2 potions of cancellation
 f - 2 potions of might {unknown}
 h - 2 potions of invisibility {unknown}
 i - 2 potions of lignification {unknown}
 m - a potion of magic {unknown}
 o - a potion of enlightenment {unknown}


   Skills:
 + Level 5.6 Fighting
 + Level 7.3 Axes
 + Level 4.3 Armour
 + Level 3.3 Dodging
 + Level 1.8 Stealth


You had 7 spell levels left.
You didn't know any spells.
Your spell library was empty.

Dungeon Overview and Level Annotations

Branches:
Dungeon (8/15)              Sewer (visited)
 Temple: D:4-7         Lair: D:8-11

Altars:
Fedhas
Kikubaaqudgha
Xom

Annotations:
D:6 3 runed translucent doors


Innate Abilities, Weirdness & Mutations

You are immune to sickness and miasma.
Your stone body is resilient. (AC +5)
You are immune to poison.
You resist negative energy. (rN+)
You are resistant to electric shocks. (rElec)
You are resistant to unholy torment.
You are immune to petrification.


Message History

The orc priest completely misses you.
The orc wizard gestures at you while chanting.
You are confused.
You feel a strong urge to attack something.
The orc wizard gestures wildly while chanting.
The orc wizard flickers and vanishes!
Deactivating autopickup; reactivate with Ctrl-A.
The orc priest invokes the aid of Beogh against you.
You struggle to resist.
You feel your anger nearly subside.
You are no longer berserk.
You are exhausted.
You feel yourself slow down.
The orc priest calls down the wrath of Beogh upon you.
Beogh smites you!
The orc priest invokes the aid of Beogh against you.
Beogh smites you!
The orc priest looks braver for a moment.
The orc priest hits you with a +0 club. Something hits you but does no damage.
The orc priest hits you but does no damage. x2
Something hits you but does no damage.
You barely miss something. You completely miss the orc priest.
You miss the orc priest.
You feel less confused.
The orc priest hits you with a +0 falchion.
The orc priest hits you but does no damage.
You hear some strange, mumbled words.
A puff of flame appears from out of thin air!
The puff of flame hits you!
* * * LOW HITPOINT WARNING * * *
The orc priest closely misses you.
Your skin crawls.
You feel strong-willed.
The orc priest hits you but does no damage.
You hear some strange, mumbled words.
A puff of flame appears from out of thin air!
The puff of flame hits you!
* * * LOW HITPOINT WARNING * * *
The orc priest mumbles some strange prayers to Beogh against you.
Beogh smites you!
You die...

......# #......# ......# #......#
......# #......# ......# #......#
.....#########......#
######..............#
.....#..............#
.....#.........oo{..# #.....#
.....#..........@...# #.....#
.....+..............# #.....#
'#####..............# #.....#
.....#..............# #.....#
.....######'##......# #.....#
.............+......# #.....#
.............#......# #.....###
.............#......# #........
.....##......#[.....#####........


You could see 2 orc priests.

Vanquished Creatures
  Pargi (Sewer)
  A phantom (D:6)
  A bullfrog (D:6)
  A brain worm (Sewer)
  Blork the orc (D:4)
  A scorpion (D:5)
  3 orc priests
  3 bombardier beetles
  2 jellies
  A hound (D:4)
  Ijyb (D:4)
  A sleepcap (D:4)
  4 iguanas
  5 orc wizards
  A gnoll (D:1)
  7 adders
  2 shadow imps
  2 ufetubi (D:6)
  3 dart slugs
  14 orcs
  4 bats
  6 endoplasms
  3 giant cockroaches
  4 goblins
  5 hobgoblins
  8 jackals
  A quokka (D:3)
  10 ball pythons
  10 frilled lizards
  11 kobolds
  8 rats
125 creatures vanquished.

Notes
Turn   | Place    | Note
-------+----------+-------------------------------------------
     0 | D:1      | Gargoyl the Gargoyle Berserker began the quest for the Orb.
     0 | D:1      | Reached XP level 1. HP: 14/14 MP: 1/1
    87 | D:1      | Reached skill level 3 in Axes
    87 | D:1      | Reached XP level 2. HP: 19/19 MP: 2/2
   161 | D:1      | Reached XP level 3. HP: 17/24 MP: 3/3
   174 | D:1      | Found a faded altar of an unknown god.
   764 | D:2      | Reached XP level 4. HP: 27/29 MP: 4/4
   788 | D:2      | Reached ** piety under Trog
   965 | D:2      | Reached skill level 4 in Axes
   965 | D:2      | Reached XP level 5. HP: 33/33 MP: 5/5
  1481 | D:3      | Found a blossoming altar of Fedhas.
  1481 | D:3      | Found an ancient bone altar of Kikubaaqudgha.
  1544 | D:3      | Found a glowing drain.
  1554 | Sewer    | Entered a sewer
  1560 | Sewer    | Reached XP level 6. HP: 39/39 MP: 6/6
  1568 | Sewer    | Reached skill level 1 in Stealth
  1628 | Sewer    | Noticed Pargi
  1639 | Sewer    | Killed Pargi
  1640 | Sewer    | Reached skill level 5 in Axes
  1944 | D:3      | Reached *** piety under Trog
  1945 | D:3      | Reached XP level 7. HP: 44/44 MP: 7/7
  2621 | D:4      | Noticed Ijyb
  2631 | D:4      | Killed Ijyb
  2839 | D:4      | Noticed Blork the orc
  2853 | D:4      | Killed Blork the orc
  2854 | D:4      | Reached skill level 5 in Fighting
  2949 | D:4      | Reached skill level 6 in Axes
  3412 | D:5      | Entered Level 5 of the Dungeon
  3420 | D:5      | Reached XP level 8. HP: 49/49 MP: 8/8
  3714 | D:5      | You fall into a shaft and drop 3 floors!
  3815 | D:6      | Identified the +1 leather armour of Compassion {Dex+2}
  3906 | D:6      | Reached skill level 7 in Axes
  3974 | D:6      | Found a runed translucent gate.
  3974 | D:6      | Found a runed translucent gate.
  3999 | D:6      | Noticed a rust devil
  3999 | D:6      | Noticed a rust devil
  4049 | D:6      | Found a runed translucent gate.
  4063 | D:5      | Found a shimmering altar of Xom.
  4416 | D:6      | Killed from afar by an orc priest

Illustrated notes

Levels and vault maps discovered:
D:1:      tarquinn_simple_flora_water_f, layout_basic,
          chequers_ecumenical_altar_simple_redux
D:2:      layout_basic
D:3:      layout_loops_cross, grunt_temple_overflow_growth_and_decay,
          cheibrodos_sewer_entry_drain
D:4:      layout_loops_ring, uniq_blork_the_orc, uniq_ijyb
D:5:      layout_rooms, kennysheep_little_box, nicolae_overflow_hidden_temple
D:6:      cheibrodos_iron_armory, layout_gridville, uniq_jeremiah
D:7:      layout_basic, nicolae_dithmenos_the_darkroom,
          minmay_temple_entry_overgrown, serial_shops, shop,
          kennysheep_cross_bottleneck
D:8:      layout_basic, uniq_erica

Skill      XL: |  1  2  3  4  5  6  7  8 |
---------------+-------------------------+-----
Axes           | 3 4 5 6 7 |  7.3
Fighting       | 4 5 |  5.6
Dodging        | 2 3 |  3.3
Stealth        | 1 |  1.8
Armour         | 3 4 |  4.3

Action                     |  1- 3 |  4- 6 |  7- 9 || total
---------------------------+-------+-------+-------++-------
  Melee: Hand axe          |    86 |   134 |   239 ||   459
 Invoke: Berserk           |     2 |     2 |     4 ||     8
         Trog's Hand       |       |     1 |     1 ||     2
    Use: Scroll            |     5 |     7 |       ||    12
   Stab: Sleeping          |     1 |     2 |       ||     3
 Armour: Animal skin       |    71 |    83 |       ||   154
         Plate armour      |       |     3 |   227 ||   230
  Dodge: Dodged            |    96 |    94 |   100 ||   290

Table legend: (Time is in decaauts)
 A = Elapsed time spent in this place.
 B = Non-inter-level travel time spent in this place.
 C = Inter-level travel time spent in this place.
 D = Time resting spent in this place.
 E = Time spent auto-exploring this place.
 F = Levels seen in this place.
 G = Mean time per level.
                   A        B        C        D        E       F      G
               +--------+--------+--------+--------+--------+-----+--------+
         Total |   4506 |   4330 |    176 |    104 |   2886 |   9 |  500.7 |
       Dungeon |   4265 |   4089 |    176 |    104 |   2761 |   8 |  533.1 |
         Sewer |    240 |    240 |      0 |      0 |    124 |   1 |  240.0 |
               +--------+--------+--------+--------+--------+-----+--------+

Top non-repeatable levels by time:
     D:4: 915 daAuts
     D:3: 832 daAuts
     D:1: 774 daAuts
     D:2: 742 daAuts
     D:6: 595 daAuts
     D:5: 321 daAuts
   Sewer: 240 daAuts
     D:8: 64 daAuts
     D:7: 18 daAuts
